 Dungeon Crawl Stone Soup version 0.18.1-5-g4a78601 (webtiles) character file.

42645 Scarto the Peltast (level 14, 0/90 HPs)
             Began as a Gargoyle Fighter on May 9, 2016.
             Was the Champion of Makhleb.
             Splashed by an oklob plant's acid (9 damage)
             ... on level 2 of the Lair of Beasts.
             The game lasted 00:33:46 (13292 turns).

Scarto the Peltast (Gargoyle Fighter)              Turns: 13292, Time: 00:33:47

Health: 0/90       AC: 27    Str: 26    XL:     14   Next: 20%
Magic:  16/16      EV: 10    Int: 10    God:    Makhleb [******]
Gold:   990        SH: 26    Dex: 12    Spells: 0 memorised, 13 levels left

rFire  + . .     SeeInvis .     a - +4 war axe
rCold  . . .     Gourm    +     C - +3 plate armour {rF+}
rNeg   + . .     Faith    .     F - +5 large shield of Uteghops {Int+2}
rPois  ∞         Spirit   .     z - +0 hat
rElec  +         Dismiss  .     p - +0 cloak
rCorr  .         Reflect  .     D - +0 pair of gloves (curse)
SustAt .         Harm     .     (no boots)
MR     +....     Clarity  +     o - amulet of the gourmand
Stlth  ..........               g - +3 ring of evasion
                                m - ring "Punoim" {Wiz Dex+3}

@: corroded, somewhat resistant to hostile enchantments, extremely unstealthy
A: big wings, horns 2, slimy green scales 1, clarity, negative energy resistance
1, regeneration 2, electricity resistance, unbreathing, petrification
resistance, rot immunity, AC +9
a: Fly, Minor Destruction, Lesser Servant of Makhleb, Major Destruction, Greater
Servant of Makhleb, Renounce Religion


You were on level 2 of the Lair of Beasts.
You worshipped Makhleb.
Makhleb was exalted by your worship.
You were full.

You visited 2 branches of the dungeon, and saw 17 of its levels.

You collected 1086 gold pieces.
You spent 96 gold pieces at shops.

Inventory:

Hand Weapons
 a - a +4 war axe (weapon)
 E - a +5 eveningstar
Missiles
 y - 4 tomahawks of returning (quivered)
 M - 4 javelins of penetration
 N - 4 javelins
Armour
 p - a +0 cloak (worn)
 z - a +0 hat (worn)
 C - a +3 plate armour of fire resistance (worn)
 D - a cursed +0 pair of gloves (worn)
 F - the +5 large shield of Uteghops (worn) {Int+2}
   (You acquired it on level 11 of the Dungeon)

   It affects your intelligence (+2).
Jewellery
 g - a +3 ring of evasion (right hand)
 k - an uncursed ring of fire
 m - the ring "Punoim" (left hand) {Wiz Dex+3}
   (You found it on level 10 of the Dungeon)

   [ring of wizardry]

   It improves your spell success rate.
   It affects your dexterity (+3).
 o - an amulet of the gourmand (around neck)
 r - an uncursed ring of ice
Wands
 h - a wand of enslavement (16/24)
 G - a wand of disintegration (9/24)
 K - a wand of confusion (31/48)
Scrolls
 c - 13 scrolls of identify
 e - 10 scrolls of remove curse
 f - a scroll of amnesia
 i - 4 scrolls of blinking
 u - 5 scrolls of immolation
 v - 2 scrolls of magic mapping
 x - 4 scrolls of noise
 A - 3 scrolls of fear
 I - a scroll of silence {unknown}
Potions
 d - 4 potions of might
 l - 2 potions of haste
 n - 9 potions of curing
 w - 2 potions of cure mutation
 H - a potion of agility
 J - 3 potions of flight
 O - a potion of berserk rage
Books
 L - a book of Minor Magic

   Spells                             Type                      Level
   a - Magic Dart                     Conjuration                  1
   b - Blink                          Translocation                2
   c - Call Imp                       Summoning                    2
   d - Repel Missiles                 Charms/Air                   2
   e - Slow                           Hexes                        2
   f - Conjure Flame                  Conjuration/Fire             3
   g - Mephitic Cloud                 Conjuration/Poison/Air       3
 P - a book of Changes

   Spells                             Type                      Level
   a - Beastly Appendage              Transmutation                1
   b - Sticks to Snakes               Transmutation                2
   c - Spider Form                    Transmutation/Poison         3
   d - Ice Form                       Ice/Transmutation            4
   e - Blade Hands                    Transmutation                5
Comestibles
 b - 3 royal jellies
 j - 2 beef jerkies
 q - 10 meat rations
 s - a slice of pizza
 t - 12 fruits
 B - 6 bread rations


   Skills:
 + Level 11.3 Fighting
 + Level 9.1(10.2) Axes
 + Level 8.0(10.1) Maces & Flails
 + Level 9.8 Armour
 + Level 3.9 Dodging
 + Level 2.3 Stealth
 + Level 16.2 Shields
 + Level 3.0 Invocations


You had 13 spell levels left.
You didn't know any spells.

Dungeon Overview and Level Annotations

Branches:
Dungeon (15/15)            Temple (0/1) D:5            Lair (2/8) D:11
    Orc (0/2) D:12         Vaults (0/5) D:13         Depths (0/5) D:15

Altars:
Ashenzari
Dithmenos
Elyvilon
Gozag
Kikubaaqudgha
Makhleb
Nemelex Xobeh
Qazlal
Vehumet
Xom
The Shining One

Shops:
D:7 *   D:10 ?   D:13 !

Annotations:
Lair:2 exclusion: 3 oklob plants


Innate Abilities, Weirdness & Mutations

You are resistant to torment.
Your stone body is resilient (AC +9).
You are immune to poison.
Your large and strong wings let you fly indefinitely.
You resist negative energy.
You are resistant to electric shocks.
You can survive without breathing.
You are immune to petrification.
You are immune to rotting.
You have a pair of horns on your head.
You are partially covered in slimy green scales (AC +2).
You possess an exceptional clarity of mind.
You heal very quickly.


Message History

* * * LOW HITPOINT WARNING * * *
You slash the oklob plant!
The oklob plant is moderately damaged.
You hit the plant.
The plant is lightly damaged.
You hit the plant but do no damage. The oklob plant spits acid at you.
You block the splash of acid. The oklob plant spits acid at you.
You block the splash of acid. The oklob plant spits acid at you.
The splash of acid hits you!
* * * LOW HITPOINT WARNING * * *
The acid burns!
* * * LOW HITPOINT WARNING * * *
The oklob plant spits acid at you. The splash of acid hits you!
* * * LOW HITPOINT WARNING * * *
The acid burns!
You die...

## #### #########. #####
#..###.........
#.PP####.PP##.P......
###P..P.......P..P..#.
####...PP.P.P.P..PPP..###
..?...P.@..P.PPP.P.#.##
P.P......###P....#####
P.P......P######P..
.##P..###.P# ##### ###.
### ##


You could see 3 oklob plants.

Vanquished Creatures
  Gastronok (Lair:1)
  Maud (D:10)
  A yaktaur captain (D:15)
  4 hydras
  A death knight (D:14)
  A centaur warrior (D:14)
  Urug (D:12)
  2 tengu warriors
  A deep elf knight (D:15)
  A hell knight (D:15)
  5 hill giants
  6 skeletal warriors
  A deep elf archer (D:15)
  A phantasmal warrior (D:14)
  2 oklob plants (Lair:2)
  6 manticores
  4 ugly things (D:14)
  A wolf spider zombie (D:14)
  A cyclops (D:15)
  3 gargoyles
  4 spiny frogs
  2 komodo dragons
  A kobold demonologist (D:15)
  A rime drake (Lair:2)
  An efreet (D:14)
  3 freezing wraiths (D:14)
  2 tengu conjurers
  A queen bee (D:14)
  2 trolls
  A two-headed ogre (D:12)
  6 slime creatures (D:13)
  12 yaks
  4 wraiths
  A wyvern (D:14)
  5 hippogriffs
  A hungry ghost (D:7)
  2 basilisks
  Grum (D:9)
  2 soldier ants
  A water moccasin (D:6)
  4 ice beasts
  6 orc warriors
  3 porcupines
  2 sky beasts
  A black bear (D:9)
  2 eyes of draining
  2 necrophages (D:10)
  2 wolves (D:9)
  6 ogres
  A phantom (D:13)
  A crocodile (Lair:2)
  10 centaurs
  A big kobold (D:8)
  12 giant frogs
  A water moccasin skeleton (D:7)
  5 scorpions
  15 killer bees
  10 wights
  2 jellies (D:14)
  5 howler monkeys
  11 crimson imps
  A wasp zombie (D:10)
  3 giant frog zombies
  A quasit (D:13)
  8 hounds
  6 centaur skeletons
  A centaur zombie (D:10)
  9 orc priests
  2 giant frog skeletons
  2 iguanas
  6 orc wizards
  11 worker ants
  3 worker ant zombies
  4 gnolls (D:7)
  16 adders
  5 river rats (Lair:1)
  4 shadow imps
  An ooze (D:1)
  2 adder skeletons
  2 worms
  3 dart slugs
  7 giant geckos
  24 orcs
  7 bats
  3 giant cockroaches
  5 goblins
  8 hobgoblins
  12 jackals
  11 kobolds
  6 quokkas
  4 ball pythons
  5 giant newts
  A quokka zombie (D:5)
  8 rats
  A withered plant (D:9)
391 creatures vanquished.

Vanquished Creatures (collateral kills)
  A death knight (D:14)
  2 ugly things (D:14)
  A tengu conjurer (D:14)
  A centaur (D:14)
  13 killer bees (D:14)
18 creatures vanquished.

Vanquished Creatures (others)
  A withered plant (D:9)
1 creature vanquished.

Grand Total: 410 creatures vanquished

Notes
Turn   | Place    | Note
--------------------------------------------------------------
     0 | D:1      | Scarto the Gargoyle Fighter began the quest for the Orb.
     0 | D:1      | Reached XP level 1. HP: 14/14 MP: 1/1
    26 | D:1      | Reached XP level 2. HP: 16/19 MP: 2/2
   520 | D:1      | Reached XP level 3. HP: 23/23 MP: 3/3
   659 | D:2      | Reached skill level 4 in Shields
   670 | D:2      | Reached XP level 4. HP: 4/29 MP: 4/4
  1320 | D:2      | Found a faded altar to an unknown god.
  1355 | D:2      | Found a white marble altar of Elyvilon.
  1493 | D:2      | Became a worshipper of Vehumet
  1493 | D:2      | Reached * piety under Vehumet
  1493 | D:2      | Offered knowledge of Shock by Vehumet.
  1537 | D:3      | Found a shimmering altar of Xom.
  1548 | D:3      | Found a shimmering altar of Xom.
  1557 | D:3      | Reached XP level 5. HP: 24/33 MP: 5/5
  1854 | D:3      | Reached ** piety under Vehumet
  1899 | D:3      | Found a shimmering altar of Xom.
  1985 | D:4      | Offered knowledge of Sandblast by Vehumet.
  1985 | D:4      | Reached skill level 1 in Dodging
  2002 | D:4      | Found a stormy altar of Qazlal.
  2028 | D:4      | Found a burning altar of Makhleb.
  2033 | D:4      | Fell from the grace of Vehumet
  2033 | D:4      | Became a worshipper of Makhleb the Destroyer
  2185 | D:4      | Reached XP level 6. HP: 23/39 MP: 6/6
  2335 | D:4      | Gained mutation: Your large and strong wings let you fly indefinitely. [potion of mutation]
  2335 | D:4      | Gained mutation: Your body sometimes deteriorates upon taking damage. [potion of mutation]
  2335 | D:4      | Lost mutation: Your large and strong wings let you fly indefinitely. [potion of mutation]
  2340 | D:4      | Lost mutation: Your body sometimes deteriorates upon taking damage. [potion of cure mutation]
  2845 | D:4      | Reached skill level 5 in Shields
  3203 | D:5      | Entered Level 5 of the Dungeon
  3258 | D:5      | Found a staircase to the Ecumenical Temple.
  3434 | D:5      | Reached XP level 7. HP: 33/44 MP: 7/7
  3534 | D:5      | Reached * piety under Makhleb
  3937 | D:6      | Reached skill level 5 in Fighting
  4086 | D:6      | Found a sparkling altar of Nemelex Xobeh.
  4212 | D:6      | Reached skill level 5 in Armour
  4248 | D:6      | Found a glowing golden altar of the Shining One.
  4265 | D:6      | Reached XP level 8. HP: 50/50 MP: 8/8
  4371 | D:6      | Reached skill level 6 in Shields
  4927 | D:6      | Found an ancient bone altar of Kikubaaqudgha.
  5034 | D:6      | Reached ** piety under Makhleb
  5085 | D:7      | Found a radiant altar of Vehumet.
  5097 | D:7      | Reached skill level 5 in Axes
  5177 | D:7      | Found Gozag's Platinum Reserve.
  5260 | D:7      | Reached skill level 7 in Shields
  5276 | D:7      | Found an opulent altar of Gozag.
  5287 | D:7      | Reached XP level 9. HP: 53/56 MP: 9/9
  5919 | D:8      | Reached skill level 8 in Shields
  5960 | D:8      | Reached *** piety under Makhleb
  6579 | D:8      | Reached skill level 1 in Stealth
  6749 | D:9      | Noticed Grum
  6780 | D:9      | Killed Grum
  6780 | D:9      | Reached skill level 9 in Shields
  6798 | D:9      | Found a shadowy altar of Dithmenos.
  6825 | D:9      | Noticed a manticore
  6844 | D:9      | Killed a manticore
  6844 | D:9      | Reached XP level 10. HP: 28/63 MP: 10/10
  6852 | D:9      | Noticed a manticore
  6873 | D:9      | Killed a manticore
  6873 | D:9      | Reached skill level 10 in Shields
  6883 | D:9      | Reached **** piety under Makhleb
  6915 | D:9      | Found an ancient bone altar of Kikubaaqudgha.
  6966 | D:9      | Found a shattered altar of Ashenzari.
  6981 | D:9      | Gained mutation: You have a pair of small horns on your head. [mutagenic meat]
  6982 | D:9      | Gained mutation: You are occasionally teleported next to monsters. [mutagenic meat]
  6983 | D:9      | Lost mutation: You are occasionally teleported next to monsters. [mutagenic meat]
  6984 | D:9      | Gained mutation: Your natural rate of healing is unusually fast. [mutagenic meat]
  6985 | D:9      | Gained mutation: You possess an exceptional clarity of mind. [mutagenic meat]
  6986 | D:9      | Gained mutation: You heal very quickly. [potion of mutation]
  6986 | D:9      | Gained mutation: You have a pair of horns on your head. [potion of mutation]
  6986 | D:9      | Gained mutation: You are partially covered in slimy green scales (AC +2). [potion of mutation]
  7379 | D:10     | Entered Level 10 of the Dungeon
  7479 | D:10     | Noticed a hill giant
  7482 | D:10     | Found Doushrir's Magic Scroll Emporium.
  7490 | D:10     | Killed a hill giant
  7498 | D:10     | Got a crude iron ring
  7500 | D:10     | Identified the ring "Punoim" {Wiz Dex+3} (You found it on level 10 of the Dungeon)
  7561 | D:10     | Noticed Maud
  7580 | D:10     | Killed Maud
  7580 | D:10     | Reached skill level 11 in Shields
  7580 | D:10     | Reached XP level 11. HP: 47/68 MP: 11/11
  7625 | D:10     | Bought a scroll of identify for 24 gold pieces
  7625 | D:10     | Bought a scroll of identify for 24 gold pieces
  7625 | D:10     | Bought a scroll of identify for 24 gold pieces
  7625 | D:10     | Bought a scroll of identify for 24 gold pieces
  7928 | D:10     | Reached skill level 1 in Invocations
  8005 | D:11     | Identified a scroll of acquirement
  8008 | D:11     | Got a polished large shield
  8019 | D:11     | Identified the +5 large shield of Uteghops {Int+2} (You acquired it on level 11 of the Dungeon)
  8094 | D:11     | Noticed a hill giant
  8103 | D:11     | Killed a hill giant
  8219 | D:11     | Reached skill level 1 in Maces & Flails
  8313 | D:11     | Reached ***** piety under Makhleb
  8359 | D:11     | Found a staircase to the Lair.
  8541 | D:12     | Found a staircase to the Orcish Mines.
  8962 | D:12     | Noticed a manticore
  8974 | D:12     | Killed a manticore
  8974 | D:12     | Reached skill level 12 in Shields
  9042 | D:12     | Noticed Urug
  9064 | D:12     | Killed Urug
  9081 | D:12     | Noticed a manticore
  9094 | D:12     | Killed a manticore
  9176 | D:12     | Was forgiven by Vehumet
  9435 | D:13     | Reached XP level 12. HP: 76/76 MP: 13/13
  9499 | D:13     | Found an opulent altar of Gozag.
  9506 | D:13     | Found a gate to the Vaults.
  9516 | D:13     | Noticed a seven-headed hydra
  9524 | D:13     | Killed a seven-headed hydra
  9564 | D:13     | Reached skill level 13 in Shields
  9575 | D:13     | Found Faessel's Distillery.
  9835 | D:14     | Reached skill level 10 in Fighting
  9840 | D:14     | Noticed a death knight
  9874 | D:14     | Killed a death knight
  9882 | D:14     | Reached skill level 5 in Maces & Flails
 10053 | D:14     | Reached skill level 14 in Shields
 10160 | D:14     | Noticed a tengu warrior
 10161 | D:14     | Noticed a centaur warrior
 10169 | D:14     | Killed a centaur warrior
 10199 | D:14     | Killed a tengu warrior
 10199 | D:14     | Reached XP level 13. HP: 65/83 MP: 14/14
 10410 | D:14     | Noticed a blizzard demon
 10968 | D:15     | Entered Level 15 of the Dungeon
 11051 | D:15     | Found a shadowy altar of Dithmenos.
 11094 | D:15     | Reached skill level 15 in Shields
 11133 | D:15     | Noticed a yaktaur captain
 11143 | D:15     | Killed a yaktaur captain
 11145 | D:15     | Found a staircase to the Depths.
 11366 | D:15     | Reached ****** piety under Makhleb
 11816 | Lair:1   | Entered Level 1 of the Lair of Beasts
 11817 | Lair:1   | Noticed Gastronok
 11832 | Lair:1   | Killed Gastronok
 11832 | Lair:1   | Reached skill level 16 in Shields
 11832 | Lair:1   | Gained mutation: Your large and strong wings let you fly indefinitely. [Gargoyle growth]
 11832 | Lair:1   | Reached XP level 14. HP: 76/90 MP: 16/16
 13292 | Lair:2   | Splashed by an oklob plant's acid

Skill      XL: |  1  2  3  4  5  6  7  8  9 10 11 12 13 14 |
---------------+-------------------------------------------+-----
Axes           | 2 3 4 5 6 8 9 |  9.1
Shields        | 4 5 7 9 11 12 14 16 | 16.2
Fighting       | 4 5 6 7 8 9 10 11 | 11.3
Dodging        | 1 2 3 |  3.9
Armour         | 4 5 6 7 8 9 |  9.8
Stealth        | 1 2 |  2.3
Invocations    | 1 2 3 |  3.0
Maces & Flails | 4 5 7 8 |  8.0

Action                   |  1- 3 |  4- 6 |  7- 9 | 10-12 | 13-15 || total
-------------------------+-------+-------+-------+-------+-------++-------
Melee: War axe           |    88 |   242 |   398 |   158 |    79 ||   965
       Headbutt          |       |       |       |   129 |   113 ||   242
       Eveningstar       |       |       |       |   433 |   308 ||   741
Invok: Major Destruction |       |       |       |     1 |     3 ||     4
       Greater Servant o |       |       |       |     2 |     2 ||     4
       Lesser Servant of |       |       |       |     1 |       ||     1
  Use: Scroll            |       |    12 |     5 |     5 |     7 ||    29
       Potion            |       |     8 |     4 |     6 |     3 ||    21
 Stab: Distracted        |       |       |       |     1 |     1 ||     2
  Eat: Fruit             |       |     5 |       |       |       ||     5
       Bread ration      |       |     2 |     1 |       |       ||     3
       Chunk             |       |       |     1 |    21 |     1 ||    23
       Meat ration       |       |       |     1 |     1 |       ||     2
       Royal jelly       |       |       |       |       |     4 ||     4
Armor: Scale mail        |    61 |   115 |       |       |       ||   176
       Plate armour      |       |    45 |   288 |   585 |   186 ||  1104
Dodge: Dodged            |    43 |    79 |    63 |   323 |   106 ||   614
Block: Shield            |    57 |   138 |    31 |       |       ||   226
       Large shield      |       |       |   360 |  1000 |   552 ||  1912
